 Dungeon Sprint DCSS version 0.31-a0-344-gd109795599 (webtiles) character file.

Game seed: 18166723681503748995

23 dialectric the Trooper (level 2, -13/25 HPs)
             Began as a Demonspawn Fighter on July 21, 2023.
             Mangled by an ogre
             ... wielding a +0 giant club
              (15 damage)
             ... in the Dungeon (Sprint I: "Red Sonja").
             The game lasted 00:00:23 (97 turns).

dialectric the Trooper (Demonspawn Fighter)           Turns: 97, Time: 00:00:24

Health: -13/25     AC:  4    Str: 16    XL:     2   Next: 72%
Magic:  2/2        EV: 10    Int:  9    God:
Gold:   0          SH:  4    Dex: 12    Spells: 1/1 levels left

rFire   . . .        e - +4 dagger
rCold   + . .        c - +0 buckler
rNeg    . . .        k - +1 leather armour {rC+}
rPois   .            (no helmet)
rElec   .            (no cloak)
rCorr   .            (no gloves)
SInv    .            (no boots)
Will    .....        (no amulet)
Stlth   +            (no ring)
HPRegen 0.24/turn    (no ring)
MPRegen 0.08/turn

%: no teleportation
@: no status effects
A: claws 1
a: no special abilities


You were in the Dungeon.
You visited 1 branch

Inventory:

Hand Weapons
 a - a +0 long sword
 e - a +4 dagger (weapon)
Armour
 b - a +0 scale mail
 c - a +0 buckler (worn)
 k - a +1 leather armour of cold resistance (worn)
Wands
 d - a wand of paralysis (6)
Scrolls
 j - a scroll of blinking
Potions
 f - a potion of heal wounds
 g - a potion of haste
 h - 2 potions of magic
 i - a potion of berserk rage


   Skills:
 + Level 4.2 Fighting
 + Level 2.4 Long Blades
 + Level 3.9 Armour
 + Level 3.7 Shields


You had one spell level left.
You didn't know any spells.
Your spell library was empty.

Dungeon Overview and Level Annotations

Branches:
Dungeon (1/1)

Altars:


Innate Abilities, Weirdness & Mutations

You have sharp fingernails.


Message History

You feel resistant to cold.
You start resting.
You feel a little less mighty now.
You open the door.
You start resting.
HP restored.
An ogre comes into view. It is wielding a +0 giant club.
The ogre shouts!
There is an open door here.
You hit the ogre.
The ogre is lightly wounded.
The ogre hits you with a +0 giant club!
Ouch! That really hurt!
You hit the ogre.
The ogre is moderately wounded.
The ogre misses you.
You hit the ogre but do no damage.
The ogre is moderately wounded.
You barely miss the ogre.
The ogre is moderately wounded.
The ogre barely misses you.
You hit the ogre.
The ogre is moderately wounded.
Unknown command.
Aiming: Paralyse
Press: ? - help, Shift-Dir - straight line, f - ogre
Aim: an ogre, wielding a +0 giant club (moderately wounded, chance to affect: 49%)
The ogre resists with some effort.
The ogre hits you with a +0 giant club!
* * * LOW HITPOINT WARNING * * *
Unknown command.
Unknown command.
You don't know any spells.
Hit: e) +4 dagger
Press: ? - help, Dir - move target, f/p - ogre
Aim: an ogre, wielding a +0 giant club (moderately wounded, about 20% to evade your +4 dagger)
You hit the ogre.
The ogre is heavily wounded.
The ogre hits you with a +0 giant club!
Ouch! That really hurt!
You die...

##########
#<.#..@O.#
#..'..#..+
#..#####+#
#..# #..#
#..# #⌠⌠#
####


You could see an ogre.

Vanquished Creatures
  Ijyb (D)
1 creature vanquished.

Notes
Turn   | Place    | Note
-------+----------+-------------------------------------------
     0 | D        | dialectric the Demonspawn Fighter began the quest for the
                  | Orb.
     0 | D        | Reached XP level 1. HP: 18/18 MP: 1/1
     1 | D        | Noticed Ijyb
     2 | D        | Paralysed by Ijyb for 3 turns
     9 | D        | Paralysed by Ijyb for 4 turns
    19 | D        | Paralysed by Ijyb for 3 turns
    24 | D        | Killed Ijyb
    25 | D        | Reached skill level 4 in Fighting
    25 | D        | Discovered your monstrous ancestry.
    25 | D        | Gained mutation: You have sharp fingernails. [demonic
                  | ancestry]
    25 | D        | Reached XP level 2. HP: 9/25 MP: 2/2
    90 | D        | Noticed an ogre
    97 | D        | Mangled by an ogre

Illustrated notes

Levels and vault maps discovered:
D:        dungeon_sprint_1 [red_sonja_temple_1, red_sonja_temple_small_1]

Skill      XL: |  1 |
---------------+----+-----
Fighting       | 4 |  4.2
Long Blades    | 2 |  2.4
Armour         | 3 |  3.9
Shields        | 3 |  3.7

Action                     || total
---------------------------++-------
  Melee: Long sword        ||    14
         Dagger            ||     6
  Evoke: Wand              ||     1
    Use: Potion            ||     2
 Armour: Scale mail        ||     2
  Dodge: Dodged            ||     9
  Block: Buckler           ||     2

Table legend: (Time is in decaauts)
 A = Elapsed time spent in this place.
 B = Non-inter-level travel time spent in this place.
 C = Inter-level travel time spent in this place.
 D = Time resting spent in this place.
 E = Time spent auto-exploring this place.
 F = Levels seen in this place.
 G = Mean time per level.
                   A        B        C        D        E       F      G
               +--------+--------+--------+--------+--------+-----+--------+
         Total |    101 |    101 |      0 |     48 |      0 |   1 |  101.0 |
       Dungeon |    101 |    101 |      0 |     48 |      0 |   1 |  101.0 |
               +--------+--------+--------+--------+--------+-----+--------+

Top non-repeatable levels by time:
       D: 101 daAuts
